 Dungeon Crawl Stone Soup version 0.18-a0-739-gdae9da8 (console) character file.

1074 bli the Conjurer (level 8, -1/43 HPs)
             Began as a Gargoyle Conjurer on Dec 10, 2015.
             Was a Follower of Qazlal.
             Slain by an orc warrior
             ... wielding a +0 battleaxe
              (10 damage)
             ... on level 6 of the Dungeon.
             The game lasted 00:20:43 (5772 turns).

bli the Conjurer (Gargoyle Conjurer)                Turns: 5772, Time: 00:20:44

Health: -1/43      AC: 11    Str: 12    XL:     8   Next: 29%
Magic:  0/16       EV: 13    Int: 18    God:    Qazlal [*.....]
Gold:   235        SH:  2    Dex: 10    Spells: 4 memorised, 6 levels left

rFire  . . .     SeeInvis .     b - +0 flail
rCold  . . .     Clarity  .     o - +0 robe
rNeg   + . .     SustAt   .     (no shield)
rPois  ∞         Gourm    .     (no helmet)
rElec  +         Spirit   .     e - +0 cloak
rCorr  .         Dismiss  .     j - +2 pair of gloves
rMut   .         Stasis   .     (no boots)
MR     .....                    (no amulet)
Stlth  ++........               (no ring)
                                (no ring)

@: not resistant to hostile enchantments, unstealthy
A: negative energy resistance 1, electricity resistance, unbreathing,
petrification resistance, rot immunity, AC +5
a: Renounce Religion


You were on level 6 of the Dungeon.
You worshipped Qazlal.
Qazlal was aware of your devotion.
You were not hungry.

You visited 2 branches of the dungeon, and saw 7 of its levels.

You collected 235 gold pieces.

Inventory:

Hand Weapons
 a - a +0 mace
 b - a +0 flail (weapon)
 E - a cursed +0 hunting sling
Missiles
 f - 99 stones (quivered)
Armour
 e - a +0 cloak (worn)
 j - a +2 pair of gloves (worn)
 k - a +0 leather armour
 o - a +0 robe (worn)
Jewellery
 C - an uncursed ring of ice
Wands
 w - a wand of magic darts (3)
Scrolls
 g - 2 scrolls of enchant armour {unknown}
 m - 2 scrolls of remove curse {unknown}
 n - 5 scrolls of blinking {unknown}
 p - 5 scrolls of identify {unknown}
 s - 2 scrolls of amnesia {unknown}
 t - a scroll of enchant weapon {unknown}
 A - a scroll of brand weapon {unknown}
Potions
 d - 6 potions of curing {unknown}
 h - a potion of might {unknown}
 i - 2 potions of mutation {unknown}
 q - 2 potions of invisibility {unknown}
 u - 2 potions of flight {unknown}
 v - a potion of poison {unknown}
 x - a potion of haste {unknown}
Books
 y - a book of the Earth

   Spells                             Type                      Level
   a - Leda's Liquefaction            Hexes/Earth                  4
   b - Bolt of Magma                  Conjuration/Fire/Earth       5
   c - Statue Form                    Transmutation/Earth          6
   d - Iron Shot                      Conjuration/Earth            6
   e - Shatter                        Earth                        9
 z - a book of Conjurations

   Spells                             Type                      Level
   a - Magic Dart                     Conjuration                  1
   b - Searing Ray                    Conjuration                  2
   c - Dazzling Spray                 Conjuration/Hexes            3
   d - Fulminant Prism                Conjuration/Hexes            4
   e - Iskenderun's Mystic Blast      Conjuration                  4
   f - Iskenderun's Battlesphere      Conjuration/Charms           5
 B - a book of Power

   Spells                             Type                      Level
   a - Fulminant Prism                Conjuration/Hexes            4
   b - Iskenderun's Mystic Blast      Conjuration                  4
   c - Venom Bolt                     Conjuration/Poison           5
   d - Bolt of Magma                  Conjuration/Fire/Earth       5
   e - Iron Shot                      Conjuration/Earth            6
   f - Orb of Destruction             Conjuration                  7
   g - Spellforged Servitor           Conjuration/Summoning        7
Comestibles
 c - 3 bread rations
 l - 2 meat rations
 r - 3 fruits


   Skills:
 + Level 1.5 Fighting
 + Level 1.1 Maces & Flails
 + Level 4.5 Dodging
 - Level 2.1 Stealth
 + Level 5.4 Spellcasting
 + Level 6.4 Conjurations
 * Level 1.2 Hexes
 + Level 1.0 Fire Magic
 + Level 1.0 Earth Magic


You had 6 spell levels left.
You knew the following spells:

 Your Spells              Type           Power        Failure   Level  Hunger
a - Magic Dart            Conj           ####         1%          1    None
b - Bolt of Magma         Conj/Fire/Erth ###.......   93%         5    ######.
d - Dazzling Spray        Conj/Hex       ###.....     10%         3    ##.....
r - Searing Ray           Conj           ####..       1%          2    #......


Dungeon Overview and Level Annotations

Branches:
Dungeon (6/15)             Temple (1/1) D:5

Altars:
Elyvilon
Okawaru
Qazlal
Trog
Zin


Innate Abilities, Weirdness & Mutations

You are resistant to torment.
Your stone body is resilient (AC +5).
You are immune to poison.
You resist negative energy.
You are resistant to electric shocks.
You can survive without breathing.
You are immune to petrification.
You are immune to rotting.


Message History

The searing ray hits the orc warrior.
The orc warrior is severely wounded.
The orc warrior hits you with a battleaxe!!
* * * LOW HITPOINT WARNING * * *
The searing ray misses the orc warrior.
The searing ray hits the orc.
You kill the orc!
Qazlal accepts your kill.
The searing ray hits the orc warrior.
The orc warrior is almost dead.
The orc warrior hits you with a battleaxe.
* * * LOW HITPOINT WARNING * * *
Casting: Searing Ray
Confirm with . or Enter, or press ? or * to list all spells.
Aiming: Searing Ray
Press: ? - help, Shift-Dir - straight line, f/p - orc warrior
Aim: an orc warrior, wielding a battleaxe and wearing a plate armour (almost dead)
The searing ray hits the orc warrior.
The orc warrior is almost dead.
The orc warrior hits you with a battleaxe!
You die...

#.#...... ..o... .#..####
#......#...###.o####.#......
##....))#.....)..[...#.......
##..#'#.)# ..###..####o#
#...+_'..##..# #..####.#
##...#'#......###....##.#
#........####......#>##.#
#.#.#.o§.# ######.#.##.#
#.#.##..## #.#.##.#
#.#.##..##########<.....#
#.#.##.......)o@.......##
#............#####.###.#
#...###.####.# #.# #...
#.....#.# #.# #.# #.###
#..##.#.. ... ... ..#
#..##.#### #.## ### ###
##..##.# #.## ....##.# #.).
###.##.## #..# #.#...#####..#
#...........<#


You could see an orc warrior.

Vanquished Creatures
  A phantom (D:4)
  A sky beast (D:6)
  An ogre (D:6)
  A giant frog (D:6)
  3 wights
  A crimson imp (D:5)
  4 orc priests
  A hound (D:4)
  2 iguanas (D:4)
  2 orc wizards (D:4)
  A centaur skeleton (D:4)
  2 jellies
  Ijyb (D:3)
  2 worker ants
  7 adders
  4 oozes
  4 worms
  2 giant geckos
  7 orcs
  6 bats
  5 hobgoblins
  7 jackals
  4 kobolds
  4 quokkas
  4 giant cockroaches
  A giant gecko skeleton (D:4)
  5 giant newts
  3 goblins (D:3)
  A quokka zombie (D:5)
  11 rats
98 creatures vanquished.

Notes
Turn   | Place    | Note
--------------------------------------------------------------
     0 | D:1      | bli the Gargoyle Conjurer began the quest for the Orb.
     0 | D:1      | Reached XP level 1. HP: 10/10 MP: 3/3
   418 | D:1      | Reached XP level 2. HP: 15/15 MP: 0/5
   422 | D:1      | Learned a level 2 spell: Searing Ray
   952 | D:2      | Reached skill level 5 in Conjurations
   959 | D:2      | Found an iron altar of Okawaru.
  1066 | D:2      | Reached XP level 3. HP: 19/19 MP: 0/6
  1215 | D:2      | Found a white marble altar of Elyvilon.
  2028 | D:3      | Reached XP level 4. HP: 24/24 MP: 2/8
  2055 | D:3      | Found a stormy altar of Qazlal.
  2060 | D:3      | Became a worshipper of Qazlal Stormbringer
  2102 | D:3      | Found a bloodstained altar of Trog.
  2332 | D:3      | Noticed Ijyb
  2883 | D:3      | Killed Ijyb
  3005 | D:4      | Noticed a phantom
  3011 | D:4      | Reached XP level 5. HP: 28/28 MP: 2/10
  3030 | D:4      | Killed a phantom
  3037 | D:4      | Learned a level 5 spell: Bolt of Magma
  3041 | D:4      | Learned a level 3 spell: Dazzling Spray
  3098 | D:4      | Reached XP level 6. HP: 32/32 MP: 4/12
  3446 | D:4      | Reached * piety under Qazlal
  3531 | D:4      | Reached skill level 1 in Maces & Flails
  3605 | D:4      | Reached skill level 1 in Earth Magic
  3678 | D:4      | Reached XP level 7. HP: 14/36 MP: 9/14
  4211 | D:5      | Entered Level 5 of the Dungeon
  4310 | D:5      | Found a glowing silver altar of Zin.
  4310 | D:5      | Noticed an angel
  4399 | D:5      | Found a staircase to the Ecumenical Temple.
  4403 | Temple   | Entered the Ecumenical Temple
  4542 | D:5      | Found a bloodstained altar of Trog.
  4621 | D:5      | Reached skill level 5 in Spellcasting
  4668 | D:5      | Reached skill level 1 in Fighting
  5185 | D:6      | Reached skill level 6 in Conjurations
  5185 | D:6      | Reached skill level 1 in Fire Magic
  5531 | D:6      | Reached XP level 8. HP: 30/43 MP: 9/16
  5539 | D:6      | Reached skill level 1 in Hexes
  5736 | D:6      | Found a bloodstained altar of Trog.
  5772 | D:6      | Slain by an orc warrior

Vault maps used:
D:1:      lightli_arrival_farm, lemuel_another_geyser
D:2:      okawaru_ov_weapons_minmay, elyvilon_altar_3
D:3:      nicolae_overflow_crystal_walls, trog_book, uniq_iyjb
D:4:      first_bread, minmay_misc_feat_chi
D:5:      zin_angel, minmay_temple_entry_trees, trog_three_pillars_becter
D:6:      grunt_temple_overflow_opulence, overflow_temple_1_default,
          kennysheep_mini_moat
Temple:   hc_temple_tempest_star

Action                   |  1- 3 |  4- 6 |  7- 9 || total
-------------------------+-------+-------+-------++-------
Melee: Unarmed           |    15 |       |       ||    15
       Mace              |     9 |    20 |       ||    29
       Flail             |       |    16 |    45 ||    61
 Cast: Magic Dart        |    78 |    77 |    51 ||   206
       Searing Ray       |     3 |     8 |    17 ||    28
  Eat: Chunk             |     5 |     5 |     5 ||    15
       Pizza             |       |       |     1 ||     1
